 Dungeon Crawl Stone Soup version 0.29-a0-330-g52719c12eb (webtiles) character file.

Game seed: 11406526291031950327

11483 kae the Transmogrifier (level 11, -7/108 (109) HPs)
             Began as a Demigod Transmuter on Apr 21, 2022.
             Mangled by a spectral orc knight
             ... wielding a +1 great mace of protection
             ... summoned by Nergalle
              (19 damage)
             ... on level 11 of the Dungeon.
             The game lasted 00:11:35 (18571 turns).

kae the Transmogrifier (Demigod Transmuter)        Turns: 18571, Time: 00:11:35

HP:   -7/108 (109)  AC:  9    Str: 19    XL:     11   Next: 25%
MP:   21/24         EV: 11    Int: 19    God:
Gold: 235           SH:  5    Dex: 14    Spells: 14/22 levels left

rFire   x . .      SeeInvis +     - Unarmed
rCold   + + +      Faith    .   (shield currently unavailable)
rNeg    . . .      Spirit   .   (body armour currently unavailable)
rPois   +          Reflect  +   (helmet currently unavailable)
rElec   .          Harm     .   (cloak currently unavailable)
rCorr   .          Rampage  .   (gloves currently unavailable)
Will    +....                   (boots currently unavailable)
Stlth   +.........              v - amulet of reflection
HPRegen 0.28/turn               k - ring of see invisible
MPRegen 0.19/turn               d - ring of poison resistance

@: lethally poisoned (-7 -> -13), about to teleport, ice-form, lightly drained
A: freezing attack, amphibious, boosted hp, large, high MP 1, forlorn, divine
attributes
a: End Transformation


You were on level 11 of the Dungeon.
You were a creature of crystalline ice.
You visited 1 branch of the dungeon, and saw 11 of its levels.

You collected 749 gold pieces.
You spent 514 gold pieces at shops.

Inventory:

Armour
 a - a +1 robe (melded)
 t - a +0 cloak (melded)
 B - a +2 pair of boots (melded)
 D - a +2 hat of stealth (melded)
Jewellery
 c - a ring of magical power
 d - a ring of poison resistance (right front paw)
 e - a ring of flight
 k - a ring of see invisible (left front paw)
 q - an amulet of magic regeneration
 v - an amulet of reflection (around neck)
 w - a ring of fire
Scrolls
 m - 2 scrolls of teleportation
 r - a scroll of enchant armour
 y - 3 scrolls of amnesia
 A - a scroll of silence
 C - a scroll of vulnerability {unknown}
 E - a scroll of fog
 F - a scroll of identify
Potions
 b - 3 potions of lignification
 f - 3 potions of resistance
 g - 2 potions of degeneration
 h - a potion of ambrosia
 i - a potion of cancellation
 j - 4 potions of haste
 l - 2 potions of heal wounds
 n - 2 potions of berserk rage
 o - 4 potions of mutation
 p - 3 potions of curing
 s - 3 potions of brilliance
 u - 2 potions of might
 x - 4 potions of flight
 z - a potion of attraction


   Skills:
 + Level 6.9 Fighting
 + Level 4.6 Dodging
 + Level 7.5 Unarmed Combat
 + Level 6.4 Spellcasting
 * Level 9.9 Transmutations
 - Level 5.0 Ice Magic
 - Level 2.0 Poison Magic


You had 14 spell levels left.
You knew the following spells:

 Your Spells              Type           Power      Damage    Failure   Level
a - Beastly Appendage     Tmut           88%        N/A       1%          1
b - Spider Form           Tmut/Pois      28%        N/A       2%          3
c - Ice Form              Ice/Tmut       34%        N/A       4%          4

Your spell library contained the following spells:

 Spells                   Type           Power      Damage    Failure   Level
 Wereblood                Tmut           44%        N/A       1%          2
 Alistair's Intoxication  Tmut/Pois      18%        N/A       26%         5
 Eringya's Noxious Bog    Tmut/Pois      14%        N/A       80%         6
 Borgnjor's Vile Clutch   Necr/Erth      3%         N/A       96%         5


Dungeon Overview and Level Annotations

Branches:
Dungeon (11/15)            Temple (0/1) D:6            Lair (0/6) D:9
    Orc (0/2) D:10

Shops:
D:2 [   D:3 *   D:5 (   D:8 !?!(   D:10 !

Annotations:
D:5 Dowan, Duvessa
D:10 3 runed translucent doors
D:11 Nergalle, Urug


Innate Abilities, Weirdness & Mutations

You are a creature of crystalline ice.
You have a powerful freezing melee attack.
You are amphibious.
Your maximum health is increased.
Your armour is entirely melded.
You are incapable of wielding weapons or throwing items.
You have an increased reservoir of magic. (+10% MP)
You shall have no god before yourself.
Your divine heritage dramatically boosts your attributes as you level up.


Message History

The spectral orc warrior hits you with a +0 scimitar.
You feel drained.
The spectral orc warrior hits you with a +0 short sword!
Nergalle casts a spell at the spectral orc warrior.
The spectral orc warrior seems to speed up.
The wraith hits you!
Urug hits you from afar with a +1 demon trident of venom.
You punch Nergalle! You freeze Nergalle.
Nergalle is moderately wounded.
The spectral orc warrior hits you with a +0 short sword!
The spectral orc knight hits you with a +1 great mace of protection!
The spectral orc warrior hits you with a +0 scimitar.
The wraith hits you but does no damage. Nergalle hits you with a +0 dagger.
Urug hits you from afar with a +1 demon trident of venom!
* * * LOW HITPOINT WARNING * * *
You block the spectral orc warrior's attack.
You punch Nergalle! You freeze Nergalle.
Nergalle is heavily wounded.
The spectral orc knight closely misses you.
You block the spectral orc warrior's attack.
The spectral orc warrior barely misses you.
Okay, then.
You feel much better. You block the orc warrior's attack.
The wraith closely misses you.
Urug hits you from afar with a +1 demon trident of venom!
You are poisoned.
Nergalle barely misses you.
The spectral orc warrior closely misses you.
The spectral orc knight hits you with a +1 great mace of protection.
* * * LOW HITPOINT WARNING * * *
As you read the scroll of teleportation, it crumbles to dust.
You feel strangely unstable.
You feel sick.
The spectral orc warrior barely misses you.
Nergalle hits you but does no damage.
The orc warrior hits you but does no damage.
You block the wraith's attack.
Urug hits you from afar with a +1 demon trident of venom!!
* * * LOW HITPOINT WARNING * * *
The spectral orc knight hits you with a +1 great mace of protection!!
You die...

...............
.............?.
...............
...............
..)...<........
......oo.......
....!ZooZ...... #YW#
#Zo# #.!# #..#
######..#
........###############
.......................
..........[............
.......................


You could see Urug (resistant), Nergalle, 2 spectral orc warriors, a spectral
orc knight (summoned), a wraith, an orc warrior, an orc wizard and an orc.

Vanquished Creatures
  Gastronok (D:10)
  Josephine (D:10)
  A two-headed ogre (D:8)
  A manticore (D:6)
  A kobold demonologist (D:5)
  5 trolls
  A hornet (D:9)
  Grinder (D:6)
  7 yaks (D:10)
  6 wraiths (D:10)
  3 steam dragons
  3 acid dragons
  A water moccasin (D:7)
  2 sky beasts
  6 orc warriors
  A black bear (D:4)
  5 ogres
  5 kobold brigands
  3 centaurs
  5 bullfrogs
  7 gnoll sergeants
  2 necrophages
  5 scorpions
  6 wights
  2 killer bees (D:9)
  3 howler monkeys (D:8)
  An electric eel (D:8)
  A hound (D:7)
  A jelly (D:6)
  3 orc priests
  2 gnoll shamans
  5 iguanas
  7 orc wizards
  8 adders
  20 gnolls
  2 white imps
  2 ufetubi (D:4)
  3 dart slugs
  38 orcs
  4 ball pythons
  5 bats
  3 endoplasms
  3 giant cockroaches
  7 goblins
  6 hobgoblins
  3 jackals
  2 quokkas
  2 frilled lizards (D:3)
  19 kobolds
  6 rats
237 creatures vanquished.

Vanquished Creatures (others)
  An orc wizard (D:5)
  A kobold (D:11)
  A butterfly (D:9)
  13 fungi
  8 plants (D:9)
24 creatures vanquished.

Grand Total: 261 creatures vanquished

Notes
Turn   | Place    | Note
-------+----------+-------------------------------------------
     0 | D:1      | kae the Demigod Transmuter began the quest for the Orb.
     0 | D:1      | Reached XP level 1. HP: 15/15 MP: 5/5
    74 | D:1      | Reached skill level 1 in Fighting
   292 | D:1      | Reached skill level 2 in Transmutations
   674 | D:1      | Reached XP level 2. HP: 14/23 MP: 5/7
  1316 | D:2      | Found Oklam's Antique Armour Shoppe.
  1696 | D:2      | Reached XP level 3. HP: 28/28 MP: 6/8
  2005 | D:3      | Found Saxkut's General Store.
  2096 | D:3      | Bought a potion of heal wounds for 65 gold pieces
  2096 | D:3      | Bought a scroll of identify for 26 gold pieces
  3091 | D:3      | Learned a level 3 spell: Spider Form
  3234 | D:4      | Reached XP level 4. HP: 36/36 MP: 10/10
  3237 | D:4      | Reached skill level 3 in Transmutations
  3735 | D:4      | Noticed a black bear
  3748 | D:4      | Killed a black bear
  3749 | D:4      | Reached skill level 1 in Poison Magic
  3749 | D:4      | Reached XP level 5. HP: 26/41 MP: 11/11
  4961 | D:4      | Learned a level 4 spell: Ice Form
  5023 | D:4      | Reached XP level 6. HP: 44/50 MP: 9/13
  5118 | D:4      | Reached skill level 4 in Transmutations
  5118 | D:4      | Reached skill level 1 in Ice Magic
  5302 | D:5      | Entered Level 5 of the Dungeon
  5302 | D:5      | Noticed Duvessa
  5303 | D:5      | Noticed Dowan
  5589 | D:5      | Reached XP level 7. HP: 23/56 MP: 14/14
  5828 | D:5      | Found Dobroth's Weapon Shop.
  5857 | D:5      | Noticed a kobold demonologist
  5858 | D:5      | Noticed a neqoxec
  5942 | D:5      | Noticed a chaos spawn
  5947 | D:5      | Killed a kobold demonologist
  6577 | D:5      | Reached skill level 5 in Transmutations
  7168 | D:6      | Reached XP level 8. HP: 42/63 MP: 16/16
  7271 | D:6      | Found a staircase to the Ecumenical Temple.
  7447 | D:6      | Noticed Grinder
  7459 | D:6      | Paralysed by Grinder for 4 turns
  7472 | D:6      | Killed Grinder
  8049 | D:6      | Noticed a manticore
  8060 | D:6      | Killed a manticore
  8061 | D:6      | Reached skill level 6 in Transmutations
  8537 | D:6      | Reached skill level 5 in Unarmed Combat
  8922 | D:7      | Reached skill level 5 in Ice Magic
  8922 | D:7      | Reached XP level 9. HP: 33/72 MP: 18/18
 10064 | D:8      | Reached skill level 7 in Transmutations
 10162 | D:8      | Noticed a two-headed ogre
 10168 | D:8      | Killed a two-headed ogre
 10169 | D:8      | Reached skill level 5 in Fighting
 10169 | D:8      | Reached skill level 5 in Spellcasting
 10369 | D:8      | Found Umiwnih's Magic Scroll Boutique.
 10369 | D:8      | Found Aczuf's Weapon Boutique.
 10369 | D:8      | Found Ceaphev's Distillery.
 10370 | D:8      | Found Ylimi's Distillery.
 10372 | D:8      | Bought a scroll of identify for 26 gold pieces
 10373 | D:8      | Bought a scroll of identify for 26 gold pieces
 10373 | D:8      | Bought a scroll of identify for 26 gold pieces
 10373 | D:8      | Bought a scroll of identify for 26 gold pieces
 10379 | D:8      | Bought a potion of heal wounds for 55 gold pieces
 10379 | D:8      | Bought a potion of haste for 110 gold pieces
 10383 | D:8      | Bought a potion of heal wounds for 70 gold pieces
 10383 | D:8      | Bought a potion of curing for 42 gold pieces
 10383 | D:8      | Bought a potion of curing for 42 gold pieces
 12113 | D:8      | Found Aczuf's Weapon Boutique.
 12113 | D:8      | Found Ceaphev's Distillery.
 12113 | D:8      | Found Ylimi's Distillery.
 12116 | D:8      | Found Umiwnih's Magic Scroll Boutique.
 12601 | D:9      | Reached skill level 8 in Transmutations
 12703 | D:9      | Found a staircase to the Lair.
 12720 | D:9      | Reached XP level 10. HP: 72/81 MP: 18/21
 13871 | D:10     | Entered Level 10 of the Dungeon
 14081 | D:10     | Noticed Josephine
 14133 | D:10     | Killed Josephine
 14471 | D:10     | Reached skill level 9 in Transmutations
 14532 | D:10     | Found a runed translucent gate.
 14533 | D:10     | Found a runed translucent gate.
 14533 | D:10     | Noticed a purple ugly thing
 14534 | D:10     | Noticed a cyan ugly thing
 14534 | D:10     | Noticed a cyan ugly thing
 14535 | D:10     | Found a runed translucent gate.
 14535 | D:10     | Noticed a cyan ugly thing
 14538 | D:10     | Noticed a glowing orange brain
 14540 | D:10     | Noticed a purple ugly thing
 14831 | D:10     | Noticed Gastronok
 14848 | D:10     | Killed Gastronok
 15321 | D:10     | Found Cidodiwn's Distillery.
 15587 | D:10     | Found a staircase to the Orcish Mines.
 15602 | D:10     | Reached XP level 11. HP: 91/91 MP: 20/24
 17384 | D:10     | Found a staircase to the Orcish Mines.
 17481 | D:10     | Found Cidodiwn's Distillery.
 18559 | D:11     | Noticed Nergalle
 18560 | D:11     | Noticed Urug
 18571 | D:11     | Mangled by a spectral orc knight

Illustrated notes

Levels and vault maps discovered:
D:1:      dpeg_arrival_rooms_a, layout_loops_ring,
          chequers_ecumenical_altar_grove
D:2:      layout_rooms, serial_shops, nicolae_shop_advertising_works
          [nicolae_subvault_shop_adworks]
D:3:      layout_basic, okawaru_ov_weapons_minmay, mainiacjoe_overflow_alcove_4,
          nicolae_overflow_crystal_walls, serial_shops, shop
D:4:      layout_rooms, serial_aquarium, aquarium_bridge_island_small
          [aquarium_subvault_small_water, aquarium_subvault_wall,
          aquarium_subvault_window, aquarium_subvault_window,
          aquarium_subvault_bridge], aquarium_window_fake, aquarium_window_2,
          aquarium_view_2c, aquarium_balcony_3b, minmay_ruptured
D:5:      layout_basic, mainiacjoe_overflow_surrounded_room,
          mainiacjoe_overflow_six_doors_small, serial_shops,
          nicolae_stop_n_shop_2, uniq_duvessa
D:6:      layout_loops_ring, ashenzari_conservatory_becter, grunt_qazlal_clouds,
          minmay_temple_entry_junction_2, minmay_strange_pillars, uniq_grinder
D:7:      layout_basic
D:8:      layout_gridville, nicolae_gozag_seed_capital, nrook_pool_corridor,
          minmay_shop_grid_forest
D:9:      layout_loops_ring, nzn_wu_jian_council_hall,
          nicolae_elyvilon_peaceful_grove, dpeg_oklobed_lair,
          hangedman_abyss_or_decor_lesser_grid
D:10:     layout_roguey, kennysheep_little_box, trog_butcher_becter,
          kennysheep_orc_monster_closet_entryway, serial_shops, shop,
          ploomutoo_gammafunk_ghost_potion_laboratory, uniq_gastronok,
          uniq_josephine
D:11:     layout_long_grid, uniq_urug, uniq_nergalle, uniq_fannar

Skill      XL: |  1  2  3  4  5  6  7  8  9 10 |
---------------+-------------------------------+-----
Fighting       | 1 2 3 4 5 6 |  6.9
Transmutations | 2 3 4 5 6 8 9 |  9.9
Spellcasting   | 2 3 4 5 6 |  6.4
Unarmed Combat | 3 4 5 6 7 |  7.5
Poison Magic   | 1 2 |  2.0
Ice Magic      | 1 3 5 |  5.0
Dodging        | 2 4 |  4.6

Action                   |  1- 3 |  4- 6 |  7- 9 | 10-12 || total
-------------------------+-------+-------+-------+-------++-------
Melee: Unarmed           |   119 |   127 |   292 |   226 ||   764
       Kick              |    27 |     2 |       |       ||    29
       Headbutt          |     7 |     3 |       |       ||    10
       Punch             |     2 |     1 |     3 |       ||     6
 Cast: Beastly Appendage |    34 |     2 |       |       ||    36
       Spider Form       |       |    15 |    12 |       ||    27
       Ice Form          |       |     3 |    28 |    34 ||    65
  Use: Scroll            |     8 |     3 |    10 |     6 ||    27
       Potion            |       |       |     2 |     4 ||     6
 Stab: Sleeping          |     1 |       |     1 |       ||     2
       Invisible         |       |       |     1 |       ||     1
Armor: Robe              |    44 |     4 |     1 |     8 ||    57
       Skin              |       |     4 |    57 |    53 ||   114
Dodge: Dodged            |    81 |    94 |   147 |   117 ||   439
Block: Other             |       |       |    41 |    58 ||    99
       Reflection        |       |       |     1 |     4 ||     5

Table legend: (Time is in decaauts)
 A = Elapsed time spent in this place.
 B = Non-inter-level travel time spent in this place.
 C = Inter-level travel time spent in this place.
 D = Time resting spent in this place.
 E = Time spent auto-exploring this place.
 F = Levels seen in this place.
 G = Mean time per level.
                   A        B        C        D        E       F      G
               +--------+--------+--------+--------+--------+-----+--------+
         Total |  18592 |  18122 |    470 |   3262 |  12808 |  11 | 1690.2 |
       Dungeon |  18592 |  18122 |    470 |   3262 |  12808 |  11 | 1690.2 |
               +--------+--------+--------+--------+--------+-----+--------+

Top non-repeatable levels by time:
    D:10: 3982 daAuts
     D:8: 2541 daAuts
     D:4: 1956 daAuts
     D:6: 1942 daAuts
     D:3: 1862 daAuts
     D:9: 1773 daAuts
     D:1: 1310 daAuts
     D:7: 1180 daAuts
     D:5: 1074 daAuts
     D:2: 691 daAuts
    D:11: 276 daAuts
